 Dungeon Crawl Stone Soup version 0.31-a0-358-gac0dbeb3ab (webtiles) character file.

Game seed: 8250499961542858486

122 randomguy2701 the Poker (level 5, -1/54 HPs)
             Began as an Ogre Gladiator on July 25, 2023.
             Was a Believer of Nemelex Xobeh.
             Slain by an orc
             ... wielding a +0 flail
              (7 damage)
             ... on level 4 of the Dungeon.
             The game lasted 00:04:30 (2555 turns).

randomguy2701 the Poker (Ogre Gladiator)            Turns: 2555, Time: 00:04:32

Health: -1/54      AC:  3    Str: 20    XL:     5   Next: 6%
Magic:  5/5        EV:  8    Int:  9    God:    Nemelex Xobeh [**....]
Gold:   126        SH:  6    Dex: 10    Spells: 4/4 levels left

rFire   . . .        a - +0 trident
rCold   . . .        s - +0 kite shield
rNeg    . . .        b - +0 robe
rPois   +            c - +0 hat
rElec   .            (no cloak)
rCorr   .            (gloves unavailable)
SInv    .            (boots unavailable)
Will    .....        (no amulet)
Stlth   +            n - ring of poison resistance
HPRegen 0.29/turn    (no ring)
MPRegen 0.09/turn

%: no passive effects
@: no status effects
A: large, unfitting armour, tough skin 1
a: Renounce Religion, Draw Escape, Draw Destruction, Draw Summoning


You were on level 4 of the Dungeon.
You worshipped Nemelex Xobeh.
Nemelex Xobeh was pleased with you.
You visited 1 branch of the dungeon, and saw 4 of its levels.

You collected 126 gold pieces.

Inventory:

Hand Weapons
 a - a +0 trident (weapon)
Missiles
 d - 4 throwing nets (quivered)
 e - a large rock
Armour
 b - a +0 robe (worn)
 c - a +0 hat (worn)
 s - a +0 kite shield (worn)
Magical Staves
 t - a staff of poison
Jewellery
 n - a ring of poison resistance (left hand)
Scrolls
 f - a scroll of amnesia {unknown}
 k - 2 scrolls of identify {unknown}
 m - a scroll of enchant armour {unknown}
 o - 2 scrolls of teleportation {unknown}
 p - a scroll of brand weapon {unknown}
 q - a scroll of immolation {unknown}
 r - a scroll of vulnerability {unknown}
Potions
 g - 2 potions of invisibility {unknown}
 h - 2 potions of haste {unknown}
 i - 4 potions of heal wounds {unknown}
 j - a potion of berserk rage {unknown}
 l - 2 potions of curing {unknown}


   Skills:
 + Level 3.8 Fighting
 + Level 4.4 Polearms
 + Level 2.1 Throwing
 + Level 3.3 Dodging
 + Level 0.6 Stealth


You had 4 spell levels left.
You didn't know any spells.
Your spell library was empty.

Dungeon Overview and Level Annotations

Branches:
Dungeon (4/15)
 Temple: D:4-7

Altars:
Fedhas
Nemelex Xobeh


Innate Abilities, Weirdness & Mutations

You are too large for most types of armour.
You have tough skin. (AC +1)


Message History

Your killer bee closely misses the adder.
The orc hits you but does no damage. You block the orc's attack.
The adder bites you.
You barely miss the adder.
The adder is heavily wounded.
Your killer bee barely misses the adder.
Your killer bee stings the adder.
The orc hits you with a +0 dagger. The orc hits you with a +0 flail!
* * * LOW HITPOINT WARNING * * *
The adder bites your killer bee.
Your killer bee barely misses the adder.
You barely miss the orc.
Your killer bee barely misses the adder.
The adder bites your killer bee.
Your killer bee dies!
Your killer bee's corpse disappears in a puff of smoke!
The orc hits you but does no damage. You block the orc's attack.
You puncture the orc!
You kill the orc!
The adder bites you but does no damage. You block the orc's attack.
The adder closely misses you.
You closely miss the orc. The adder closely misses you.
You block the orc's attack. The orc barely misses you.
The adder barely misses you.
You barely miss the orc. You block the adder's attack.
The orc hits you but does no damage.
You hit the orc.
The orc is almost dead.
The adder bites you.
* * * LOW HITPOINT WARNING * * *
The orc hits you with a +0 flail.
* * * LOW HITPOINT WARNING * * *
The adder barely misses you.
You barely miss the orc.
The orc is almost dead.
The adder bites you but does no damage. The orc hits you with a +0 flail.
* * * LOW HITPOINT WARNING * * *
You block the adder's attack. The orc hits you with a +0 flail!
You die...
Your body glows slightly and disappears.

### ..##
#.##
##.####.o##
......S@#<#
##......)..#
#.#########
#


You could see an adder and an orc.

Vanquished Creatures
  An orc wizard (D:4)
  3 adders
  2 dart slugs
  2 orcs (D:4)
  5 bats
  5 endoplasms
  5 giant cockroaches
  7 goblins
  6 hobgoblins
  9 kobolds
  2 quokkas
  4 ball pythons
  4 frilled lizards
  7 rats
62 creatures vanquished.

Notes
Turn   | Place    | Note
-------+----------+-------------------------------------------
     0 | D:1      | randomguy2701 the Ogre Gladiator began the quest for the
                  | Orb.
     0 | D:1      | Reached XP level 1. HP: 22/22 MP: 1/1
    47 | D:1      | Reached XP level 2. HP: 22/29 MP: 2/2
   323 | D:1      | Reached XP level 3. HP: 36/36 MP: 3/3
   513 | D:1      | Found a faded altar of an unknown god.
   742 | D:1      | Prayed at the altar of an unknown god.
   742 | D:1      | Became a worshipper of Nemelex Xobeh the Trickster
   742 | D:1      | Reached * piety under Nemelex Xobeh
   787 | D:2      | Received a gift from Nemelex Xobeh
   799 | D:2      | Found a blossoming altar of Fedhas.
  1555 | D:3      | Reached ** piety under Nemelex Xobeh
  1776 | D:3      | Reached XP level 4. HP: 45/45 MP: 4/4
  1885 | D:3      | Reached skill level 4 in Polearms
  2247 | D:4      | Received a gift from Nemelex Xobeh
  2392 | D:4      | Noticed an ogre
  2546 | D:4      | Reached XP level 5. HP: 35/54 MP: 5/5
  2555 | D:4      | Slain by an orc

Illustrated notes

Levels and vault maps discovered:
D:1:      dpeg_arrival_boxes_within_box, layout_rooms, serial_curves,
          eino_curves_03, eino_curves_01, eino_curves_04,
          shapermc_ecumenical_altar_gd
D:2:      layout_loops_ring, basic_altar, chequers_jeans,
          kennysheep_decorative_pillar, roderic_roman_lattice, st_stairs_12,
          hangedman_abyss_or_decor_stabs, minmay_misc_feat_roman
D:3:      layout_loops_cross, lexackson_kobold_supper
D:4:      minmay_inner_zag, layout_loops_ring, minmay_temple_entry_ruins,
          serial_bayou_lagoon_a, dreamdust_princess_corridor, minivault_1,
          minmay_shop_grid_forest, sigmund_army, uniq_duvessa

Skill      XL: |  1  2  3  4 |
---------------+-------------+-----
Dodging        | 3 |  3.3
Fighting       | 3 |  3.8
Polearms       | 4 |  4.4
Throwing       | |  2.1
Stealth        | |  0.6

Action                     |  1- 3 |  4- 6 || total
---------------------------+-------+-------++-------
  Melee: Trident           |   129 |    59 ||   188
         Punch             |     2 |     1 ||     3
 Invoke: Draw Summoning    |       |     1 ||     1
   Stab: Sleeping          |     3 |       ||     3
 Armour: Robe              |    35 |    17 ||    52
  Dodge: Dodged            |    48 |    28 ||    76
  Block: Kite shield       |       |     7 ||     7

Table legend: (Time is in decaauts)
 A = Elapsed time spent in this place.
 B = Non-inter-level travel time spent in this place.
 C = Inter-level travel time spent in this place.
 D = Time resting spent in this place.
 E = Time spent auto-exploring this place.
 F = Levels seen in this place.
 G = Mean time per level.
                   A        B        C        D        E       F      G
               +--------+--------+--------+--------+--------+-----+--------+
         Total |   2579 |   2418 |    161 |      0 |   1988 |   4 |  644.8 |
       Dungeon |   2579 |   2418 |    161 |      0 |   1988 |   4 |  644.8 |
               +--------+--------+--------+--------+--------+-----+--------+

Top non-repeatable levels by time:
     D:2: 842 daAuts
     D:3: 780 daAuts
     D:1: 764 daAuts
     D:4: 192 daAuts
